 Dungeon Sprint DCSS version 0.29-a0-356-g7bc237e783 (webtiles) character file.

Game seed: 4141920597317767042

65 Zeldest the Cudgeller (level 3, 0/58 HPs)
             Began as a Troll Monk on Apr 25, 2022.
             Succumbed to a gnoll sergeant's poison
             ... in the Dungeon (Sprint IX: "|||||||||||||||||||||||||||||").
             The game lasted 00:00:13 (38 turns).

Zeldest the Cudgeller (Troll Monk)                    Turns: 38, Time: 00:00:14

Health: 0/58       AC:  4    Str: 21    XL:     3   Next: 92%
Magic:  2/2        EV: 10    Int:  6    God:
Gold:   0          SH:  0    Dex: 12    Spells: 2/2 levels left

rFire   . . .      SeeInvis .   a - +0 mace
rCold   . . .      Faith    .   (no shield)
rNeg    . . .      Spirit   .   b - +0 robe
rPois   .          Reflect  .   (helmet restricted)
rElec   .          Harm     .   (no cloak)
rCorr   .          Rampage  .   (gloves unavailable)
Will    .....      NoTele   +   (boots unavailable)
Stlth   ..........              (no amulet)
HPRegen 0.99/turn               (no ring)
MPRegen 0.08/turn               (no ring)

@: berserking (expiring), lethally poisoned (0 -> -10), very quick
A: large, unfitting armour, claws 3, regeneration 1, shaggy fur 1, tough skin 1
a: no special abilities


You were in the Dungeon.
You visited 1 branch

Inventory:

Hand Weapons
 a - a +0 mace (weapon)
Armour
 b - a +0 robe (worn)
Scrolls
 i - a scroll of blinking
Potions
 c - a potion of ambrosia
 d - a potion of curing
 e - a potion of heal wounds
 f - a potion of haste
 g - 2 potions of magic


   Skills:
 + Level 3.7 Fighting
 * Level 5.1 Maces & Flails
 + Level 2.5 Armour
 + Level 3.7 Dodging
 - Level 1.0 Stealth


You had 2 spell levels left.
You didn't know any spells.
Your spell library was empty.

Dungeon Overview and Level Annotations

Branches:
Dungeon (1/1)

Altars:


Innate Abilities, Weirdness & Mutations

You are too large for most types of armour.
You have claws for hands.
Your natural rate of healing is unusually fast.
You are covered in fur. (AC +1)
You have tough skin. (AC +1)


Message History

You barely miss the ufetubus.
The orc wizard casts a spell.
The orc wizard flickers and vanishes!
Deactivating autopickup; reactivate with Ctrl-A.
The gnoll sergeant hits you from afar with a +6 spear of venom!
You are poisoned.
The ufetubus hits you but does no damage.
The ufetubus hits you.
You miss the ufetubus.
You feel sick. The ufetubus closely misses you.
The ufetubus hits you but does no damage.
The gnoll sergeant hits you from afar with a +6 spear of venom.
You are more poisoned.
You closely miss the ufetubus.
You feel very sick. The ufetubus misses you.
The ufetubus hits you but does no damage.
The gnoll sergeant barely misses you.
The ufetubus hits you but does no damage.
The ufetubus closely misses you.
You sock the ufetubus!
You kill the ufetubus!
You feel very sick. The gnoll sergeant barely misses you.
You feel sick.
There is an open door here.
You see here a scorpion corpse.
You sock the gnoll sergeant!
The gnoll sergeant is moderately wounded.
You feel sick.
The gnoll sergeant hits you with a +6 spear of venom!
* * * LOW HITPOINT WARNING * * *
You hit the gnoll sergeant but do no damage.
The gnoll sergeant is moderately wounded.
You feel sick.
The gnoll sergeant hits you with a +6 spear of venom!
* * * LOW HITPOINT WARNING * * *
You are more poisoned.
The gnoll sergeant blocks your attack.
The gnoll sergeant is moderately wounded.
You die...

▓.▓
▓.▓
▓)▓
▓.▓
▓.▓
▓.▓
▓.▓
▓.▓
▓@▓
▓g▓
▓{▓
▓S▓
▓.▓
▓.▓
▓+▓


You could see a gnoll sergeant and an adder.

Vanquished Creatures
  A scorpion (D)
  An ufetubus (D)
  A bat (D)
  3 frilled lizards (D)
  A kobold (D)
7 creatures vanquished.

Notes
Turn   | Place    | Note
-------+----------+-------------------------------------------
     0 | D        | Zeldest the Troll Monk began the quest for the Orb.
     0 | D        | Reached XP level 1. HP: 22/22 MP: 0/0
     9 | D        | Reached skill level 3 in Maces & Flails
    25 | D        | Noticed a scorpion
    25 | D        | Noticed a gnoll sergeant
    25 | D        | Noticed an orc wizard
    28 | D        | Killed a scorpion
    29 | D        | Reached skill level 5 in Maces & Flails
    29 | D        | Reached XP level 2. HP: 32/32 MP: 1/1
    29 | D        | Reached XP level 3. HP: 39/39 MP: 2/2
    37 | D        | HP: 2/58 [gnoll sergeant/+6 spear of venom (11)]
    38 | D        | Succumbed to a gnoll sergeant's poison

Illustrated notes

Levels and vault maps discovered:
D:        linesprint [early_d, line_temple, items_1, d_10, items_2, lair_1,
          lair_end, items_3, orc_1, orc_end, items_4, d_15, swamp_1, shoals_1,
          snake_1, spider_1, d_20, vaults_1, items_5, swamp_end, shoals_end,
          snake_end, spider_end, vaults_end, d_27, items_6, zot_1, zot_end,
          crypt_end, forest_end, elf_end, slime_end, tomb_end, abyss_end,
          pan_hell_end]

Skill      XL: |  1 |
---------------+----+-----
Maces & Flails | 5 |  5.1
Fighting       | 3 |  3.7
Armour         | 2 |  2.5
Dodging        | 3 |  3.7
Stealth        | |  1.0

Action                   || total
-------------------------++-------
Melee: Mace              ||    26
  Use: Potion            ||     1
Armor: Robe              ||    12
Dodge: Dodged            ||    21

Table legend: (Time is in decaauts)
 A = Elapsed time spent in this place.
 B = Non-inter-level travel time spent in this place.
 C = Inter-level travel time spent in this place.
 D = Time resting spent in this place.
 E = Time spent auto-exploring this place.
 F = Levels seen in this place.
 G = Mean time per level.
                   A        B        C        D        E       F      G
               +--------+--------+--------+--------+--------+-----+--------+
         Total |     39 |     39 |      0 |      0 |      0 |   1 |   39.0 |
       Dungeon |     39 |     39 |      0 |      0 |      0 |   1 |   39.0 |
               +--------+--------+--------+--------+--------+-----+--------+

Top non-repeatable levels by time:
       D: 39 daAuts
